 Dungeon Sprint DCSS version 0.22-a0-42-g002c468 (webtiles) character file.

317 Faca the Protected (level 6, -12/63 HPs)
             Began as a Minotaur Fighter on Jan 5, 2018.
             Was an Initiate of Wu Jian.
             Mangled by a two-headed ogre
             ... wielding a +0 giant spiked club
              (13 damage)
             ... in the Dungeon (Sprint IX: "|||||||||||||||||||||||||||||").
             The game lasted 00:01:07 (147 turns).

Faca the Protected (Minotaur Fighter)                Turns: 147, Time: 00:01:08

Health: -12/63     AC: 11    Str: 21    XL:     6   Next: 20%
Magic:  5/5        EV:  8    Int:  8    God:    Wu Jian [......]
Gold:   0          SH: 12    Dex: 14    Spells: 5/5 levels left

rFire    . . .     SeeInvis .   o - +2 scimitar (flame)
rCold    . . .     Gourm    .   c - +0 shield
rNeg     . . .     Faith    .   p - +1 scale mail
rPois    .         Spirit   .   (helmet restricted)
rElec    .         Reflect  .   (no cloak)
rCorr    .         Harm     .   a - +0 pair of gloves
MR       .....     NoTele   +   (no boots)
Stlth    ..........             (no amulet)
HPRegen  0.20/turn              q - +3 ring of intelligence
MPRegen  0.09/turn              r - +3 ring of dexterity

@: no status effects
A: retaliatory headbutt, horns 2
a: Renounce Religion


You were in the Dungeon.
You worshipped Wu Jian.
Wu Jian was noncommittal.
You were not hungry.

You visited 1 branch

Inventory:

Hand Weapons
 o - a +2 scimitar of flaming (weapon)
Armour
 a - a +0 pair of gloves (worn)
 c - a +0 shield (worn)
 p - a +1 scale mail (worn)
Jewellery
 q - a +3 ring of intelligence (left hand)
 r - a +3 ring of dexterity (right hand)
Wands
 n - a wand of iceblast (10)
Scrolls
 k - 2 scrolls of blinking
 l - 3 scrolls of remove curse
 m - 2 scrolls of amnesia
Potions
 d - a potion of might
 e - 5 potions of curing
 g - 3 potions of heal wounds
 h - a potion of haste
 i - 4 potions of magic
 j - a potion of invisibility
Comestibles
 f - a ration


   Skills:
 + Level 9.0 Fighting
 + Level 6.1 Long Blades
 + Level 9.7 Armour
 + Level 9.0 Shields


You had 5 spell levels left.
You didn't know any spells.

Dungeon Overview and Level Annotations

Branches:
Dungeon (1/1)

Altars:
Cheibriados
Dithmenos
Elyvilon
Fedhas
Gozag
Hepliaklqana
Kikubaaqudgha
Makhleb
Nemelex Xobeh
Okawaru
Qazlal
Ru
Sif Muna
Trog
Uskayaw
Vehumet
Wu Jian
Xom
Yredelemnul
Zin
The Shining One
Beogh
Jiyva
Lugonu


Innate Abilities, Weirdness & Mutations

You reflexively headbutt those who attack you in melee.
You have a pair of horns on your head.


Message History

You hit the two-headed ogre. You burn the two-headed ogre.
The two-headed ogre is severely wounded.
You block the two-headed ogre's attack.
The two-headed ogre hits you with a giant spiked club.
You hit the two-headed ogre. You burn the two-headed ogre.
The two-headed ogre is severely wounded.
You block the two-headed ogre's attack. x2
You hit the two-headed ogre but do no damage.
The two-headed ogre is severely wounded.
You hit the two-headed ogre but do no damage.
The two-headed ogre is severely wounded.
The two-headed ogre hits you with a giant spiked club!!
* * * LOW HITPOINT WARNING * * *
The two-headed ogre hits you with a giant spiked club.
* * * LOW HITPOINT WARNING * * *
You barely miss the two-headed ogre.
The two-headed ogre is severely wounded.
You block the two-headed ogre's attack.
The two-headed ogre hits you with a giant spiked club!
You die...

▓.▓
▓.▓
▓.▓
▓S▓
▓S▓
▓H▓
▓O▓
▓@▓
▓.▓
▓.▓
▓[▓
▓.▓
▓)▓
▓|▓
▓.▓
▓.▓


You could see a two-headed ogre, a hippogriff and 2 adders.

Vanquished Creatures
  2 sky beasts (D)
  A centaur (D)
  2 worker ants (D)
  A gnoll (D)
  A dart slug (D)
  2 giant cockroaches (D)
  2 frilled lizards (D)
  A rat (D)
12 creatures vanquished.

Notes
Turn   | Place    | Note
-------+----------+-------------------------------------------
     0 | D        | Faca the Minotaur Fighter began the quest for the Orb.
     0 | D        | Reached XP level 1. HP: 19/19 MP: 0/0
     1 | D        | Banished a spatial maelstrom
    47 | D        | Noticed a sky beast
    47 | D        | Noticed a worker ant
    47 | D        | Noticed a worker ant
    50 | D        | Killed a worker ant
    50 | D        | Reached skill level 5 in Fighting
    50 | D        | Reached skill level 5 in Armour
    50 | D        | Reached skill level 5 in Shields
    50 | D        | Reached XP level 2. HP: 29/29 MP: 1/1
    51 | D        | Reached XP level 3. HP: 37/37 MP: 2/2
    55 | D        | Killed a sky beast
    55 | D        | Reached XP level 4. HP: 47/47 MP: 3/3
    55 | D        | Reached XP level 5. HP: 52/52 MP: 4/4
    64 | D        | Found a roughly hewn altar of Beogh.
    64 | D        | Found a snail-covered altar of Cheibriados.
    64 | D        | Found a shadowy altar of Dithmenos.
    64 | D        | Found a white marble altar of Elyvilon.
    64 | D        | Found a blossoming altar of Fedhas.
    64 | D        | Found an opulent altar of Gozag.
    65 | D        | Found a hazy altar of Hepliaklqana.
    66 | D        | Found a viscous altar of Jiyva.
    67 | D        | Found an ancient bone altar of Kikubaaqudgha.
    68 | D        | Found a corrupted altar of Lugonu.
    69 | D        | Found a burning altar of Makhleb.
    70 | D        | Found a sparkling altar of Nemelex Xobeh.
    71 | D        | Found an iron altar of Okawaru.
    72 | D        | Found a stormy altar of Qazlal.
    73 | D        | Found a sacrificial altar of Ru.
    74 | D        | Found a deep blue altar of Sif Muna.
    75 | D        | Found a bloodstained altar of Trog.
    76 | D        | Found a hide-covered altar of Uskayaw.
    77 | D        | Found a radiant altar of Vehumet.
    78 | D        | Found an ornate altar of the Wu Jian Council.
    79 | D        | Found a shimmering altar of Xom.
    80 | D        | Found a basalt altar of Yredelemnul.
    81 | D        | Found a glowing silver altar of Zin.
    82 | D        | Found a glowing golden altar of the Shining One.
    86 | D        | Became a worshipper of the Wu Jian Council
   133 | D        | Noticed a hippogriff
   133 | D        | Noticed a two-headed ogre
   133 | D        | Noticed a sky beast
   133 | D        | Noticed a centaur
   137 | D        | Killed a centaur
   137 | D        | Reached skill level 5 in Long Blades
   140 | D        | Killed a sky beast
   140 | D        | Reached XP level 6. HP: 54/63 MP: 5/5
   146 | D        | HP: 1/63 [two-headed ogre/giant spiked club (6)]
   147 | D        | Mangled by a two-headed ogre

Vault maps used:
D:        linesprint

Skill      XL: |  1  2  3  4  5 |
---------------+----------------+-----
Fighting       | 5 7 9 |  9.0
Armour         | 5 6 7 9 |  9.7
Shields        | 5 7 9 |  9.0
Long Blades    | 3 4 6 |  6.1

Action                   |  1- 3 |  4- 6 || total
-------------------------+-------+-------++-------
Melee: Long sword        |    21 |     2 ||    23
       Headbutt          |     2 |     3 ||     5
       Scimitar          |       |    14 ||    14
  Use: Potion            |     1 |       ||     1
Armor: Scale mail        |     7 |     4 ||    11
Dodge: Dodged            |     5 |     1 ||     6
Block: Shield            |     5 |    10 ||    15
       Rpst.: Long sword |     1 |       ||     1

Table legend:
 A = Spawn XP
 B = Non-spawn XP
 C = Spawn XP percentage of total XP
 D = Spawn monster count
 E = Non-spawn monster count
 F = Spawn count percentage of total count
 G = Total turns spent on level
                    A         B        C        D         E        F      G
               +---------+---------+-------+---------+---------+-------+---------
         Total |       0 |     454 |   0.0 |       0 |      12 |   0.0 |   147
               +---------+---------+-------+---------+---------+-------+---------
             D |       0 |     454 |   0.0 |       0 |      12 |   0.0 |   147
               +---------+---------+-------+---------+---------+-------+---------
